 Dungeon Crawl Stone Soup version 0.20.1-1-g8b1a95d (webtiles) character file.

93 KleinerIrrer the Shield-Bearer (level 4, -2/29 HPs)
             Began as a Gargoyle Fighter on July 3, 2017.
             Killed from afar by an orc wizard (7 damage)
             ... with a magic dart
             ... on level 2 of the Dungeon.
             The game lasted 00:05:26 (2182 turns).

KleinerIrrer the Shield-Bearer (Gargoyle Fighter)   Turns: 2182, Time: 00:05:27

Health: -2/29      AC: 10    Str: 28    XL:     4   Next: 61%
Magic:  4/4        EV:  8    Int:  9    God:
Gold:   213        SH: 10    Dex:  9    Spells: 3/3 levels left

rFire    . . .     SeeInvis .   a - +0 flail
rCold    . . .     Gourm    .   c - +0 shield
rNeg     + . .     Faith    .   b - +0 scale mail
rPois    ∞         Spirit   .   (no helmet)
rElec    +         Reflect  .   (no cloak)
rCorr    .         Harm     .   (no gloves)
MR       .....                  (no boots)
Stlth    ..........             (no amulet)
Regen    0.1/turn               e - +3 ring of strength
MPRegen  0.1/turn               (no ring)

@: mighty
A: negative energy resistance 1, electricity resistance, unbreathing,
petrification resistance, rot immunity, AC +3
a: no special abilities


You were on level 2 of the Dungeon.
You were not hungry.

You visited 1 branch of the dungeon, and saw 3 of its levels.

You collected 213 gold pieces.

Inventory:

Hand Weapons
 a - a +0 flail (weapon)
Armour
 b - a +0 scale mail (worn)
 c - a +0 shield (worn)
Jewellery
 e - a +3 ring of strength (left hand)
Wands
 v - a wand of paralysis (14/24)
Scrolls
 g - a scroll of fog {unknown}
 i - a scroll of immolation {unknown}
 k - a scroll of magic mapping {unknown}
 l - a scroll of blinking {unknown}
 n - 2 scrolls of identify {unknown}
 p - 2 scrolls of remove curse
 r - a scroll of enchant weapon {unknown}
Potions
 j - 2 potions of flight {unknown}
 m - a potion of lignification {unknown}
 q - 3 potions of curing {unknown}
 t - a potion of ambrosia {unknown}
 u - 3 potions of heal wounds {unknown}
Comestibles
 f - 4 bread rations
 h - 2 fruits
 o - a chunk of flesh
 s - a royal jelly


   Skills:
 + Level 3.7 Fighting
 + Level 3.1 Maces & Flails
 + Level 3.5 Armour
 + Level 1.0 Dodging
 + Level 4.1 Shields


You had 3 spell levels left.
You didn't know any spells.

Dungeon Overview and Level Annotations

Branches:
Dungeon (3/15)

Altars:

Annotations:
D:3 Grinder


Innate Abilities, Weirdness & Mutations

You are resistant to torment.
Your stone body is resilient. (AC +3)
You are immune to poison.
You resist negative energy. (rN+)
You are resistant to electric shocks. (rElec)
You can survive without breathing.
You are immune to petrification.
You are immune to rotting.


Message History

You block the orc wizard's attack. The orc hits you but does no damage.
You sock the orc wizard!
The orc wizard is heavily wounded.
The orc wizard hits you but does no damage.
The orc barely misses you.
The orc wizard hits you but does no damage.
The orc hits you but does no damage. x2
You hit the orc wizard but do no damage.
The orc wizard is heavily wounded.
You block the orc wizard's attack. The orc hits you but does no damage.
The orc wizard casts a spell at you. The magic dart hits you!
* * * LOW HITPOINT WARNING * * *
The orc hits you but does no damage.
You feel very mighty all of a sudden. The orc wizard barely misses you.
You block the orc's attack. The orc closely misses you.
The orc wizard casts a spell at you. The magic dart hits you!
You die...

########## #.........#
#...<.....# #.........#
#........)###############
#.......oo...............
###
#.......@o#######.###.###
##.####..........##
#.###.# #
#)#...............#
#.....# #
##.####..........##
#..###### #.#
#########.## #........
####.#### #.# ##.######
........# #.# #.#
.###.##.# ##'##
###.###### .# #.##.#
##...## #.........


You could see an orc wizard and 2 orcs.

Vanquished Creatures
  An adder (D:2)
  An ooze (D:2)
  5 worms
  4 orcs
  3 giant cockroaches
  7 goblins
  6 hobgoblins
  9 jackals
  A ball python (D:2)
  6 bats
  2 frilled lizards (D:1)
  10 kobolds
  3 rats (D:1)
  3 fungi (D:1)
61 creatures vanquished.

Notes
Turn   | Place    | Note
-------+----------+-------------------------------------------
     0 | D:1      | KleinerIrrer the Gargoyle Fighter began the quest for the Orb.
     0 | D:1      | Reached XP level 1. HP: 14/14 MP: 1/1
    98 | D:1      | Reached XP level 2. HP: 15/19 MP: 2/2
   524 | D:1      | Reached XP level 3. HP: 18/23 MP: 3/3
  1004 | D:2      | Reached XP level 4. HP: 12/29 MP: 4/4
  1266 | D:2      | Reached skill level 4 in Shields
  1311 | D:2      | Reached skill level 1 in Dodging
  1985 | D:3      | Noticed Grinder
  2182 | D:2      | Killed from afar by an orc wizard

Skill      XL: |  1  2  3  4 |
---------------+-------------+-----
Shields        | 4 |  4.1
Dodging        | 1 |  1.0
Maces & Flails | 3 |  3.1
Fighting       | |  3.7
Armour         | |  3.5

Action                   |  1- 3 |  4- 6 || total
-------------------------+-------+-------++-------
Melee: Flail             |   196 |    84 ||   280
  Use: Scroll            |       |     1 ||     1
       Potion            |       |     1 ||     1
  Eat: Chunk             |     1 |     4 ||     5
Armor: Scale mail        |   146 |    70 ||   216
Dodge: Dodged            |    76 |    37 ||   113
Block: Shield            |   159 |    78 ||   237
